 Dungeon Crawl Stone Soup version 0.29.0-4-gdea44cf6ec (webtiles) character file.

Game seed: 6772349409210080544

90 qw the Ruffian (level 4, -1/35 HPs)
             Began as a Ghoul Fire Elementalist on Aug 29, 2022.
             Slain by a black bear (5 damage)
             ... on level 3 of the Dungeon.
             The game lasted 00:02:01 (2367 turns).

qw the Ruffian (Ghoul Fire Elementalist)            Turns: 2367, Time: 00:02:01

Health: -1/35      AC:  8    Str: 13      XL:     4   Next: 56%
Magic:  5/5        EV:  5    Int:  9 (10) God:
Gold:   83         SH:  0    Dex:  9      Spells: 5/6 levels left

rFire   . . .      SeeInvis .     - Unarmed
rCold   + . .      Faith    .   (no shield)
rNeg    + + +      Spirit   .   i - +0 chain mail
rPois   inf        Reflect  .   (no helmet)
rElec   .          Harm     .   (no cloak)
rCorr   .          Rampage  .   (no gloves)
Will    .....                   (no boots)
Stlth   ..........              (no amulet)
HPRegen 0.00/turn               (no ring)
MPRegen 0.09/turn               (no ring)

@: inhibited regen
A: claws 1, cold resistance 1, negative energy resistance 3, inhibited
regeneration, torment resistance 2, devour on kill
a: no special abilities


You were on level 3 of the Dungeon.
You visited 1 branch of the dungeon, and saw 3 of its levels.

You collected 83 gold pieces.


Innate Abilities, Weirdness & Mutations

You are immune to poison.
You have sharp fingernails.
Your flesh is cold resistant. (rC+)
You are immune to negative energy. (rN+++)
You do not regenerate when monsters are visible.
You are immune to unholy pain and torment.
You thrive by killing the living.


   Skills:
 + Level 1.6 Fighting
 - Level 1.7 Dodging
 - Level 2.1 Stealth
 - Level 4.0 Unarmed Combat
 - Level 1.7 Spellcasting
 - Level 0.7 Conjurations
 - Level 2.4 Fire Magic


You had 5 spell levels left.
You knew the following spells:

 Your Spells              Type           Power      Damage    Failure   Level
a - Foxfire               Conj/Fire      12%        2x1d4     100%        1

Your spell library contained the following spells:

 Spells                   Type           Power      Damage    Failure   Level
 Scorch                   Fire           10%        2d5       100%        2
 Conjure Flame            Conj/Fire      3%         6-21      100%        3
 Inner Flame              Hex/Fire       2%         N/A       100%        3
 Flame Wave               Conj/Fire      3%         2d5       100%        4

Inventory:

Missiles
 e - 2 boomerangs (quivered)
Armour
 c - a +0 plate armour
 i - a +0 chain mail (worn)
Jewellery
 f - a +6 ring of intelligence
Scrolls
 a - a scroll of identify
 g - a scroll of enchant weapon {unknown}
 n - a scroll of enchant armour
Potions
 b - 2 potions of flight {unknown}
 d - a potion of might
 k - a potion of curing
 l - a potion of mutation

Dungeon Overview and Level Annotations

Branches:
Dungeon (3/15)

Altars:

Shops:
D:1 *!(


Message History

You closely miss the black bear.
The black bear bites you but does no damage.
The black bear claws you.
The black bear claws you but does no damage.
You scratch the black bear but do no damage.
The black bear bites you but does no damage.
The black bear claws you but does no damage.
The black bear claws you.
You claw the black bear!
The black bear is moderately wounded.
The black bear bites you.
The black bear claws you but does no damage. x2
You barely miss the black bear.
The black bear is moderately wounded.
The black bear bites you but does no damage.
The black bear claws you but does no damage. x2
You scratch the black bear.
The black bear is moderately wounded.
The black bear barely misses you.
The black bear claws you but does no damage.
The black bear claws you.
You claw the black bear!
The black bear is severely wounded.
The black bear bites you.
The black bear claws you but does no damage. x2
You scratch the black bear but do no damage.
The black bear is severely wounded.
The black bear bites you. The black bear barely misses you.
The black bear completely misses you.
You scratch the black bear.
The black bear is almost dead.
The black bear goes berserk!
You scratch the black bear but do no damage.
The black bear is almost dead.
The black bear bites you! The black bear completely misses you.
The black bear claws you.
You closely miss the black bear.
The black bear is almost dead.
The black bear bites you.
You die...

##...#..........
##......#########
########.......##
##########...............######
...........######.............#
############
####......#####.### #.........#
#..!. ##.##)#.#..# #####
#..@....:..# # #.h###..##... #
#.. #..#### ## .... #:.# #. #
####. #..# ## # #. #..# ####. #
#. #..# ######.#). # #.
#..###.#.#....% #
#..............


You could see a black bear (berserk).

Vanquished Creatures
  Ijyb (D:3)
  2 worms
  A dart slug (D:2)
  4 orcs (D:2)
  5 endoplasms
  4 giant cockroaches
  4 goblins
  3 hobgoblins
  4 jackals (D:2)
  7 kobolds
  3 quokkas
  A ball python (D:2)
  5 bats
  2 frilled lizards
  4 rats
50 creatures vanquished.

Vanquished Creatures (others)
  4 plants (D:2)
4 creatures vanquished.

Grand Total: 54 creatures vanquished

Notes
Turn   | Place    | Note
-------+----------+-------------------------------------------
     0 | D:1      | qw the Ghoul Fire Elementalist began the quest for the Orb.
     0 | D:1      | Reached XP level 1. HP: 14/14 MP: 2/2
     0 | D:1      | 0 ||| qw: Version: 0.1-a-90-g952f4b7
     0 | D:1      | 0 ||| qw: Game counter: 4235
     0 | D:1      | 0 ||| qw: Always use a shield: true
     0 | D:1      | 0 ||| qw: God list: Okawaru
     0 | D:1      | 0 ||| qw: Allow faded altars: false
     0 | D:1      | 0 ||| qw: Do Orc after D:15 true
     0 | D:1      | 0 ||| qw: Do second Lair branch before Depths: true
     0 | D:1      | 0 ||| qw: Lair rune preference: random
     0 | D:1      | 0 ||| qw: Plans: Normal
     0 | D:1      | 0 ||| PLANNING D:1-11
   289 | D:1      | Found Epsako's Weapon Shop.
   295 | D:1      | Reached skill level 1 in Unarmed Combat
   453 | D:1      | Found Juroew's Distillery.
   459 | D:1      | 459 ||| SHOPLISTING potion of curing (36 gold, have 20).
   459 | D:1      | 459 ||| SHOPLISTING potion of haste (120 gold, have 20).
   459 | D:1      | 459 ||| SHOPLISTING potion of heal wounds (60 gold, have
                  | 20).
   491 | D:1      | Reached XP level 2. HP: 22/22 MP: 3/3
   517 | D:1      | Reached skill level 1 in Fighting
   584 | D:1      | 584 ||| Stepping ~*~*~tactically~*~*~ (stealth).
   825 | D:1      | Found Tab Otuo's General Store.
   831 | D:1      | 831 ||| SHOPLISTING potion of curing (39 gold, have 20).
   831 | D:1      | 831 ||| SHOPLISTING potion of heal wounds (65 gold, have
                  | 20).
   831 | D:1      | 831 ||| SHOPLISTING scroll of teleportation (39 gold, have
                  | 20).
  1037 | D:1      | 1037 ||| UPGRADING to +0 chain mail.
  1047 | D:1      | 1047 ||| DROPPING +0 robe.
  1048 | D:1      | 1048 ||| READING scroll labelled XYSEPSU QAFEOT.
  1049 | D:1      | 1049 ||| READING scroll labelled IRUAREXI BYSE.
  1050 | D:1      | 1050 ||| READING 2 scrolls labelled WOK YJEDACRANN.
  1055 | D:1      | 1055 ||| READING scroll labelled NIR PITATUSHRI.
  1056 | D:1      | 1056 ||| DRINKING 2 cyan potions.
  1057 | D:1      | 1057 ||| DROPPING potion of magic.
  1117 | D:2      | 1117 ||| Stepping ~*~*~tactically~*~*~ (outnumbered).
  1119 | D:2      | Reached skill level 2 in Unarmed Combat
  1148 | D:2      | 1148 ||| Stepping ~*~*~tactically~*~*~ (hiding).
  1154 | D:2      | Reached XP level 3. HP: 28/28 MP: 4/4
  1154 | D:2      | 1154 ||| Stepping ~*~*~tactically~*~*~ (stealth).
  1155 | D:2      | 1155 ||| Stepping ~*~*~tactically~*~*~ (stealth).
  1217 | D:2      | Found a faded altar of an unknown god.
  1325 | D:2      | Reached skill level 3 in Unarmed Combat
  1392 | D:2      | 1392 ||| Stepping ~*~*~tactically~*~*~ (outnumbered).
  1826 | D:2      | 1826 ||| READING scroll labelled JATIGO PECO.
  1827 | D:2      | 1827 ||| READING 2 scrolls labelled COTHYMP CIT EDOACS.
  1828 | D:2      | 1828 ||| READING 2 scrolls labelled YJYH ZULLUIWEHI.
  1829 | D:2      | 1829 ||| READING scroll labelled FESHRA VAUNLYDGH.
  1830 | D:2      | 1830 ||| DRINKING 2 gluggy blue potions.
  1831 | D:2      | 1831 ||| READING 5 scrolls of identify.
  1831 | D:2      | 1831 ||| IDENTIFYING fizzy white potion
  1832 | D:2      | 1832 ||| READING 4 scrolls of identify.
  1832 | D:2      | 1832 ||| IDENTIFYING pink potion
  1833 | D:2      | 1833 ||| READING 3 scrolls of identify.
  1833 | D:2      | 1833 ||| IDENTIFYING brown potion
  1834 | D:2      | 1834 ||| READING 2 scrolls of identify.
  1834 | D:2      | 1834 ||| IDENTIFYING bubbling coppery potion
  1835 | D:2      | 1835 ||| DROPPING potion of lignification.
  1836 | D:2      | 1836 ||| DROPPING scroll of amnesia.
  1837 | D:2      | 1837 ||| DROPPING potion of attraction.
  1874 | D:3      | Noticed Ijyb
  1875 | D:3      | 1875 ||| Stepping ~*~*~tactically~*~*~ (hiding).
  1892 | D:3      | HP: 2/28 [Ijyb/puff of flame (6)]
  1893 | D:3      | 1893 ||| READING scroll of teleportation.
  1894 | D:3      | 1894 ||| DRINKING potion of heal wounds.
  1896 | D:3      | Killed Ijyb
  1897 | D:3      | Reached skill level 4 in Unarmed Combat
  1897 | D:3      | Reached XP level 4. HP: 35/35 MP: 5/5
  2355 | D:3      | Noticed a black bear
  2366 | D:3      | HP: 5/35 [black bear (8)]
  2367 | D:3      | Slain by a black bear

Levels and vault maps discovered:
D:1:      dpeg_arrival_radiant, layout_loops_ring, serial_shops, shop,
          nicolae_lakefront_shop, shop, minmay_misc_feat_enclosed
D:2:      layout_basic, ebering_ecumenical_altar_rust, guppyfry_early_lair_pool
D:3:      layout_loops_ring, st_stairs_8, nicolae_figureground_sparkle,
          uniq_ijyb

Skill      XL: |  1  2  3 |
---------------+----------+-----
Unarmed Combat | 1 2 4 |  4.0
Fighting       | 1 |  1.6
Dodging        | |  1.7
Stealth        | |  2.1
Spellcasting   | |  1.7
Conjurations   | |  0.7
Fire Magic     | |  2.4

Action                   |  1- 3 |  4- 6 || total
-------------------------+-------+-------++-------
Melee: Unarmed           |   113 |    30 ||   143
       Punch             |     3 |       ||     3
Throw: Boomerang         |    49 |    20 ||    69
  Use: Scroll            |    13 |       ||    13
       Potion            |     3 |       ||     3
 Stab: Sleeping          |     1 |       ||     1
Armor: Robe              |    13 |       ||    13
       Chain mail        |    31 |    22 ||    53
Dodge: Dodged            |    42 |     5 ||    47

Table legend:
 A = Non-vault XP
 B = Vault XP
 C = Vault XP percentage of total XP
 D = Non-vault monster count
 E = Vault monster count
 F = Vault count percentage of total count
                 A         B        C        D         E       F
            +---------+---------+-------+---------+---------+-------
      Total |      91 |      38 |  29.5 |      47 |       3 |   6.0
            +---------+---------+-------+---------+---------+-------
        D:1 |      23 |       0 |   0.0 |      14 |       0 |   0.0
        D:2 |      51 |       0 |   0.0 |      24 |       0 |   0.0
        D:3 |      17 |      38 |  69.1 |       9 |       3 |  25.0
            +---------+---------+-------+---------+---------+-------
